 Dungeon Crawl Stone Soup version 0.22-a0-479-gc6e99f3 (webtiles) character file.

1931 KristoblXynda the Grappler (level 8, -3/67 HPs)
             Began as a Troll Wizard on June 14, 2018.
             Was an Initiate of Ashenzari.
             Killed from afar by an orc wizard (6 damage)
             ... with a magic dart
             ... on level 7 of the Dungeon.
             The game lasted 00:12:39 (5726 turns).

KristoblXynda the Grappler (Troll Wizard)           Turns: 5726, Time: 00:12:40

Health: -3/67      AC:  6    Str: 19    XL:     8   Next: 97%
Magic:  2/10       EV:  9    Int: 16    God:    Ashenzari [......]
Gold:   279        SH:  0    Dex:  8    Spells: 7/11 levels left

rFire    . . .     SeeInvis .     - Unarmed
rCold    . . .     Gourm    +   (no shield)
rNeg     . . .     Faith    .   a - +1 robe
rPois    .         Spirit   .   b - +0 hat
rElec    .         Reflect  .   (no cloak)
rCorr    .         Harm     .   (gloves unavailable)
MR       .....                  (boots unavailable)
Stlth    +.........             (no amulet)
HPRegen  0.61/turn              q - +3 ring of strength
MPRegen  0.12/turn              (no ring)

@: berserk cooldown, very slightly contaminated, slowed, very slow
A: large, unfitting armour, claws 3, fast metabolism 3, gourmand, regeneration
1, shaggy fur 1, tough skin 2
a: Curse Item, Renounce Religion


You were on level 7 of the Dungeon.
You worshipped Ashenzari.
Ashenzari was noncommittal.
You were very hungry.

You visited 2 branches of the dungeon, and saw 8 of its levels.
You also visited: Ossuary.

You collected 279 gold pieces.

Inventory:

Armour
 a - a +1 robe (worn)
 b - a +0 hat (worn)
Jewellery
 j - an uncursed ring of flight
 q - a +3 ring of strength (left claw)
Wands
 n - a wand of iceblast (5)
 p - a wand of random effects (23)
 s - a wand of enslavement (14)
Scrolls
 h - a scroll of fog
 o - 2 scrolls of enchant weapon
 u - 3 scrolls of remove curse
 v - a scroll of teleportation
Potions
 c - a potion of berserk rage
 e - 4 potions of curing {unknown}
 f - a potion of ambrosia
 g - 4 potions of flight
 i - 4 potions of might
 k - 4 potions of haste
 l - a potion of magic {unknown}
 m - 2 potions of brilliance
 r - 2 potions of invisibility
 t - 3 potions of lignification {unknown}
Comestibles
 d - 12 rations


   Skills:
 - Level 1.5 Dodging
 - Level 1.0 Stealth
 + Level 8.2 Unarmed Combat
 - Level 2.0 Spellcasting
 + Level 6.3 Conjurations
   Level 0.6 Summonings
   Level 0.6 Translocations


You had 7 spell levels left.
You knew the following spells:

 Your Spells              Type           Power        Failure   Level  Hunger
a - Magic Dart            Conj           ###.         1%          1    #......
b - Mephitic Cloud        Conj/Pois/Air  #.......     26%         3    ###....

Your spell library contained the following spells:

 Spells                   Type           Power        Failure   Level  Hunger
 Conjure Flame            Conj/Fire      ##......     17%         3    ###....
 Slow                     Hex            #.......     30%         2    ###....
 Summon Small Mammal      Summ           #...         16%         1    #......
 Blink                    Tloc           N/A          24%         2    ###....
 Summon Ice Beast         Ice/Summ       #.......     88%         4    #####..
 Call Imp                 Summ           #.......     24%         2    ###....
 Call Canine Familiar     Summ           #.......     43%         3    ###....
 Summon Lightning Spire   Summ/Air       #.......     88%         4    #####..
 Summon Guardian Golem    Hex/Summ       #.......     50%         3    ###....


Dungeon Overview and Level Annotations

Branches:
Dungeon (7/15)             Temple (1/1) D:5

Altars:
Ashenzari
Cheibriados
Dithmenos
Elyvilon
Fedhas
Gozag
Hepliaklqana
Kikubaaqudgha
Makhleb
Nemelex Xobeh
Okawaru
Qazlal
Ru
Sif Muna
Trog
Uskayaw
Vehumet
Wu Jian
Xom
Yredelemnul
Zin
The Shining One


Innate Abilities, Weirdness & Mutations

You are too large for most types of armour.
You have claws for hands.
Your metabolism is lightning-fast.
You like to eat raw meat.
Your natural rate of healing is unusually fast.
You are covered in fur. (AC +1)
You have very tough skin. (AC +2)


Message History

* * * LOW HITPOINT WARNING * * *
Casting: Mephitic Cloud (safe; 26% risk of failure)
Confirm with . or Enter, or press ? or * to list all spells.
Aiming: Mephitic Cloud (safe; 26% risk of failure)
Press: ? - help, Shift-Dir - straight line, f/p - orc wizard
Aim: an orc wizard, wielding a dagger and wearing a robe (lightly wounded) That beam is likely to hit you.
Continue anyway?
You miscast Mephitic Cloud.
You feel mildly nauseous.
The orc wizard gestures at you while chanting.
The magic dart hits you!
* * * LOW HITPOINT WARNING * * *
Casting: Mephitic Cloud (safe; 26% risk of failure)
Confirm with . or Enter, or press ? or * to list all spells.
You don't have enough magic to cast that spell.
Unknown command.
You barely miss the orc wizard.
The orc wizard is lightly wounded.
The orc wizard casts a spell at you. The magic dart hits you!
You die...

#.# .. #..# ..
#...###.
##......
#......## #..#
#).# ##.## .
##@## #..
#)o###....
##......#
#..####....####
#........##
#>..#####.# ..
#..# #....
#.##.Z


You could see an orc wizard.

Vanquished Creatures
  Menkaure (D:5)
  A sky beast (D:6)
  An orc warrior (D:7)
  The ghost of KristoblXynda the Ruffian, an amateur TrWz (D:3)
  An ogre (D:4)
  A phantom (D:6)
  2 centaurs (D:6)
  A bullfrog (D:6)
  A gnoll sergeant (D:6)
  A water moccasin zombie (D:6)
  A scorpion (D:6)
  A howler monkey (D:5)
  A crimson imp (D:5)
  3 centaur zombies
  A human zombie (Ossuary)
  2 hounds (D:4)
  A bullfrog skeleton (D:5)
  Jessica (D:3)
  A gnoll shaman (D:4)
  Natasha (thrice) (D:3)
  Ijyb (D:3)
  6 worker ants
  2 mummies (Ossuary)
  2 worker ant zombies (D:5)
  11 adders
  12 gnolls
  2 shadow imps
  2 oozes
  An adder skeleton (D:6)
  4 adder zombies
  A worm (D:2)
  2 dart slugs
  3 leopard geckos
  12 orcs
  3 bats
  3 giant cockroaches (D:3)
  11 goblins
  4 hobgoblins
  9 jackals
  8 kobolds
  3 quokkas
  2 ball pythons
  5 frilled lizards
  A goblin zombie (Ossuary)
  9 hobgoblin zombies (Ossuary)
  3 jackal zombies (Ossuary)
  10 kobold zombies (Ossuary)
  2 leopard gecko skeletons
  A leopard gecko zombie (D:6)
  7 orc zombies (Ossuary)
  A quokka skeleton (D:3)
  6 rats
  A rat zombie (Ossuary)
176 creatures vanquished.

Notes
Turn   | Place    | Note
-------+----------+-------------------------------------------
     0 | D:1      | KristoblXynda the Troll Wizard began the quest for the Orb.
     0 | D:1      | Reached XP level 1. HP: 16/16 MP: 2/2
    70 | D:1      | Reached skill level 1 in Conjurations
   113 | D:1      | Reached skill level 1 in Unarmed Combat
   119 | D:1      | Reached XP level 2. HP: 24/24 MP: 4/4
   597 | D:1      | Reached XP level 3. HP: 31/31 MP: 5/5
   660 | D:1      | Learned a level 3 spell: Mephitic Cloud
   767 | D:2      | Found a blossoming altar of Fedhas.
   778 | D:2      | Reached skill level 2 in Unarmed Combat
  1033 | D:2      | Reached XP level 4. HP: 24/39 MP: 6/6
  1204 | D:2      | Found a shimmering altar of Xom.
  1204 | D:2      | Found an iron altar of Okawaru.
  1424 | D:3      | Noticed Jessica
  1433 | D:3      | Killed Jessica
  1557 | D:3      | Reached skill level 3 in Unarmed Combat
  1642 | D:3      | Noticed KristoblXynda's ghost (amateur TrWz)
  1663 | D:3      | Killed KristoblXynda's ghost
  1663 | D:3      | Reached XP level 5. HP: 14/45 MP: 7/7
  1909 | D:3      | Noticed Ijyb
  1915 | D:3      | Noticed Natasha
  1929 | D:3      | Killed Natasha
  1942 | D:3      | Killed Ijyb
  1942 | D:3      | Reached skill level 4 in Unarmed Combat
  1942 | D:3      | Reached XP level 6. HP: 33/53 MP: 6/8
  1997 | D:3      | Found a sparkling altar of Nemelex Xobeh.
  1999 | D:3      | Found a hazy altar of Hepliaklqana.
  1999 | D:3      | Found a glowing silver altar of Zin.
  2009 | D:3      | Found a radiant altar of Vehumet.
  2009 | D:3      | Found an opulent altar of Gozag.
  2113 | D:3      | Noticed Natasha
  2127 | D:3      | Killed Natasha
  2134 | D:3      | Noticed Natasha
  2140 | D:3      | Killed Natasha
  2718 | D:4      | Reached skill level 5 in Unarmed Combat
  2963 | D:4      | Reached XP level 7. HP: 59/59 MP: 9/9
  3460 | D:5      | Entered Level 5 of the Dungeon
  3653 | D:5      | Found a sand-covered staircase.
  3673 | Ossuary  | Entered an ossuary
  3860 | Ossuary  | Reached skill level 6 in Unarmed Combat
  4055 | D:5      | Noticed Menkaure
  4086 | D:5      | Killed Menkaure
  4086 | D:5      | Reached XP level 8. HP: 11/67 MP: 10/10
  4110 | D:5      | Reached skill level 5 in Conjurations
  4144 | D:5      | Found a staircase to the Ecumenical Temple.
  4193 | Temple   | Entered the Ecumenical Temple
  4314 | Temple   | Became a worshipper of Ashenzari the Shackled
  4954 | D:6      | Reached skill level 7 in Unarmed Combat
  5544 | D:6      | Reached skill level 8 in Unarmed Combat
  5712 | D:7      | HP: 2/100 [orc warrior/glaive (12)]
  5724 | D:7      | HP: 3/67 [orc wizard/magic dart (3)]
  5726 | D:7      | Killed from afar by an orc wizard

Vault maps used:
D:1:      dpeg_arrival_three_same_balls, minmay_misc_feat_plants,
          hangedman_abyss_or_decor_stabs
D:2:      amethyst_overflow_temple_binary, fedhas_altar_fruit_tree
D:3:      minmay_overflow_temple_star_hex, first_ration, uniq_ijyb,
          uniq_natasha, uniq_jessica
D:5:      minmay_temple_entry_enclosed_plants, nicolae_ossuary_entry_ruins,
          uniq_menkaure
D:7:      serial_shops, shop
Temple:   regret_index_temple_generic_petals
Ossuary:  ossuary_tomb_1

Skill      XL: |  1  2  3  4  5  6  7  8 |
---------------+-------------------------+-----
Conjurations   | 1 2 3 4 6 |  6.3
Unarmed Combat | 1 2 3 4 5 6 8 |  8.2
Dodging        | |  1.5
Stealth        | |  1.0
Spellcasting   | |  2.0
Summonings     | |  0.6
Translocations | |  0.6

Action                   |  1- 3 |  4- 6 |  7- 9 || total
-------------------------+-------+-------+-------++-------
Melee: Unarmed           |   113 |   225 |   286 ||   624
       Punch             |       |       |     5 ||     5
 Cast: Mephitic Cloud    |       |     2 |    12 ||    14
  Use: Scroll            |       |     4 |     9 ||    13
       Potion            |       |     1 |     3 ||     4
 Stab: Sleeping          |     1 |       |     1 ||     2
  Eat: Chunk             |    15 |    17 |    19 ||    51
Armor: Robe              |    48 |    74 |   140 ||   262
Dodge: Dodged            |    50 |   127 |   138 ||   315

Table legend:
 A = Spawn XP
 B = Non-spawn XP
 C = Spawn XP percentage of total XP
 D = Spawn monster count
 E = Non-spawn monster count
 F = Spawn count percentage of total count
 G = Total turns spent on level
                    A         B        C        D         E        F      G
               +---------+---------+-------+---------+---------+-------+---------
         Total |       0 |    2759 |   0.0 |       0 |     176 |   0.0 |  5726
               +---------+---------+-------+---------+---------+-------+---------
           D:1 |       0 |      46 |   0.0 |       0 |      22 |   0.0 |   714
           D:2 |       0 |      61 |   0.0 |       0 |      14 |   0.0 |   637
           D:3 |       0 |     359 |   0.0 |       0 |      30 |   0.0 |  1018
           D:4 |       0 |     409 |   0.0 |       0 |      24 |   0.0 |  1091
           D:5 |       0 |     592 |   0.0 |       0 |      22 |   0.0 |   798
           D:6 |       0 |     979 |   0.0 |       0 |      22 |   0.0 |   804
           D:7 |       0 |     137 |   0.0 |       0 |       4 |   0.0 |    44
       Ossuary |       0 |     176 |   0.0 |       0 |      38 |   0.0 |   373
               +---------+---------+-------+---------+---------+-------+---------
